 Dungeon Crawl Stone Soup version 0.16-a0-1982-g8124c91 (webtiles) character file.

61 timbw the Insei (level 4, 0/23 HPs)
             Began as a Vine Stalker Monk on Nov 8, 2014.
             Slain by Duvessa
             ... wielding a +0 short sword
              (5 damage)
             ... on level 4 of the Dungeon.
             The game lasted 00:02:53 (529 turns).

timbw the Insei (Vine Stalker Monk)                  Turns: 529, Time: 00:02:53

Health: 0/23       AC:  2    Str: 13    XL:     4   Next: 7%
Magic:  0/5        EV: 13    Int: 10    God:
Gold:   56         SH:  0    Dex: 18    Spells: 0 memorised, 3 levels left

rFire  . . .     SeeInvis .       - Unarmed
rCold  . . .     Clarity  .     a - +0 robe
rNeg   . . .     SustAb   .     (no shield)
rPois  .         Gourm    .     (no helmet)
rElec  .         Spirit   +     (no cloak)
rCorr  .         Warding  .     (no gloves)
rMut   .         Stasis   .     (no boots)
MR     .....                    (no amulet)
Stlth  ++........               (no ring)
                                (no ring)

@: not resistant to hostile enchantments, unstealthy
A: fangs 2, regeneration 1, magic shield, antimagic bite, no device heal 3, rot
immunity
a: no special abilities


You were on level 4 of the Dungeon.
You were not hungry.

You visited 1 branch of the dungeon, and saw 4 of its levels.

You collected 56 gold pieces.

Inventory:

Missiles
 f - 5 javelins (quivered)
Armour
 a - a +0 robe (worn)
Jewellery
 g - an uncursed ring of teleportation
Scrolls
 c - a scroll of fog
 k - a scroll of remove curse
Potions
 e - a potion of heal wounds
 h - a potion of curing
Comestibles
 b - a bread ration
 i - a beef jerky
 j - a slice of pizza


   Skills:
 - Level 2.6 Fighting
 - Level 2.4 Dodging
 - Level 2.4 Stealth
 + Level 5.5 Unarmed Combat


You had 3 spell levels left.
You didn't know any spells.

Dungeon Overview and Level Annotations

Branches:
Dungeon (4/15)
 Temple: D:4-7

Altars:
Cheibriados

Shops:
D:4 (

Annotations:
D:4 Dowan, Duvessa


Innate Abilities, Weirdness & Mutations

You have extremely sharp teeth.
Your natural rate of healing is unusually fast.
When hurt, damage is shared between your health and your magic reserves.
Your bite disrupts and absorbs the magic of your enemies.
Potions and wands cannot restore your health.
You are immune to rotting.


Message History

You throw a javelin of penetration.
The javelin of penetration barely misses Duvessa.
The javelin of penetration closely misses Dowan.
The javelin of penetration pierces through the worker ant.
The worker ant is heavily wounded.
You feel sick. Duvessa hits you with a short sword.
Drink which item? (? for menu, Esc to quit)
You feel better. Duvessa barely misses you.
You hit Duvessa but do no damage. Your bite misses Duvessa.
Duvessa is heavily wounded.
Duvessa hits you with a short sword.
* * * LOW HITPOINT WARNING * * *
Dowan casts a spell at you. The puff of flame hits you!
* * * LOW HITPOINT WARNING * * *
Duvessa says, "When magic and the sword combine, nothing stands against them."
Duvessa says, "Where magic fails, the sword succeeds!"
There is a stone staircase leading up here.
Duvessa hits you with a short sword.
You die...

####.####
#............##.#
#.....#
#.......#.......#
##.#.#.#
#.......#.#..####
#.###..#
#.......#....#
##.#(#.#
####.##..##...#
#...#.#
#.............#
#.....#
#.#......##.###
##...####.#..##..##.#
#.....##.#@........#
#...#.##.e.......###
#####.##.#a#.......#
#............#.#
####.##......#.#
#.##.#.#### # ..
#.##e#.####.# #.
#...........# ##.#
###...#######


You could see Duvessa, Dowan and a worker ant.

Vanquished Creatures
  A worker ant (D:4)
  An adder (D:2)
  A worm (D:2)
  4 orcs (D:3)
  A hobgoblin (D:3)
  7 jackals
  A kobold (D:3)
  2 quokkas
  A giant cockroach (D:1)
  A goblin (D:2)
  3 rats
23 creatures vanquished.

Notes
Turn   | Place    | Note
--------------------------------------------------------------
     0 | D:1      | timbw, the Vine Stalker Monk, began the quest for the Orb.
     0 | D:1      | Reached XP level 1. HP: 11/11 MP: 1/1
   123 | D:2      | Reached XP level 2. HP: 13/16 MP: 3/3
   179 | D:2      | Reached XP level 3. HP: 11/19 MP: 4/4
   204 | D:3      | Reached skill level 5 in Unarmed Combat
   318 | D:3      | Found a snail-covered altar of Cheibriados.
   475 | D:4      | Found Crazih's Weapon Emporium.
   494 | D:4      | Noticed Dowan
   496 | D:4      | Noticed Duvessa
   507 | D:4      | Reached XP level 4. HP: 13/23 MP: 2/5
   529 | D:4      | Slain by Duvessa

Action                   |  1- 3 |  4- 6 || total
-------------------------+-------+-------++-------
Melee: Unarmed           |    71 |     1 ||    72
Throw: Javelin           |     2 |     3 ||     5
 Abil: Evoke Teleportati |     1 |       ||     1
  Use: Scroll            |     3 |       ||     3
       Potion            |     1 |     1 ||     2
 Stab: Sleeping          |     1 |       ||     1
